[Event "December 5 Early 2023"]
[Site "https://www.chess.com"]
[Date "2023.12.05"]
[Round "6"]
[White "Skiadopoulos, Nikolaos"]
[Black "Garcia Correa, Jose Ricardo"]
[Result "0-1"]
[Board "171"]
[TimeControl "180+1"]
[WhiteFideId "4200772"]
[BlackFideId "5101832"]
[WhiteElo "1776"]
[BlackElo "2235"]
[WhiteTeam "GRE"]
[BlackTeam "MEX"]
[WhiteClock "0:00:00"]
[BlackClock "0:01:22"]

1. e4 e5 2. Nf3 Nc6 3. Bc4 Bc5 4. c3 Qf6 5. O-O Nge7 6. d4 exd4 7. e5 Nxe5 8. Nxe5 Qxe5 9. Re1 Qf6 10. cxd4 Bxd4 11. Be3 Bxb2 12. Nd2 Bxa1 13. Ne4 Qe5 14. Qb1 d5 15. Bxd5 Qxd5 16. Qxa1 O-O 17. Bh6 Nf5 18. Bxg7 f6 19. Bxf8 Kxf8 20. Nxf6 Qd4 21. Nxh7+ Kg7 22. Re7+ Kg6 23. Nf8+ Kf6 24. Qxd4+ Nxd4 25. Rxc7 Bf5 26. Nh7+ Bxh7 27. Rxh7 b5 28. g4 Kg5 29. h3 a5 30. Kg2 Kf4 31. Rf7+ Ke4 32. Re7+ Kd5 33. f4 Rc8 34. g5 Rc2+ 35. Kg3 Nf5+ 36. Kg4 Nxe7 0-1

[Event "December 5 Early 2023"]
[Site "https://www.chess.com"]
[Date "2023.12.05"]
[Round "6"]
[White "Rose, Felix"]
[Black "Ginzburg, Yakov"]
[Result "1-0"]
[Board "172"]
[TimeControl "180+1"]
[WhiteFideId "5105722"]
[BlackFideId "4157176"]
[WhiteElo "2299"]
[BlackElo "2565"]
[WhiteTeam "MEX"]
[BlackTeam "RUS"]
[WhiteClock "0:00:44"]
[BlackClock "0:01:39"]

1. e4 c6 2. d4 d5 3. e5 c5 4. dxc5 Nc6 5. a3 Nxe5 6. b4 Nf6 7. Bb2 Ng6 8. Nf3 Qc7 9. Bd3 e5 10. Bxg6 e4 11. Bxf7+ Qxf7 12. Ne5 Qc7 13. O-O Be7 14. c4 dxc4 15. Nd2 O-O 16. Ndxc4 Be6 17. Qe2 Rad8 18. h3 Qc8 19. Rad1 Bxh3 20. gxh3 Qxh3 21. Rxd8 Bxd8 22. Nd6 Bc7 23. Qc4+ Kh8 24. Ndf7+ Kg8 25. Nh6+ Kh8 26. Qg8+ Nxg8 27. Nef7+ Rxf7 28. Nxf7# 1-0

[Event "December 5 Early 2023"]
[Site "https://www.chess.com"]
[Date "2023.12.05"]
[Round "6"]
[White "Yezhel, Valiantsin"]
[Black "Lopez Del Alamo, Antonio"]
[Result "1-0"]
[Board "173"]
[TimeControl "180+1"]
[WhiteFideId "13504983"]
[BlackFideId "2227339"]
[WhiteElo "2561"]
[BlackElo "2298"]
[WhiteTeam "FID"]
[BlackTeam "ESP"]
[WhiteClock "0:00:39"]
[BlackClock "0:00:00"]

1. e4 c5 2. Nc3 Nc6 3. g3 g6 4. Bg2 Bg7 5. f4 e6 6. d3 Nge7 7. Nf3 d5 8. O-O O-O 9. h3 d4 10. Ne2 f5 11. e5 h6 12. c4 dxc3 13. bxc3 Kh7 14. Qc2 b6 15. a4 Ba6 16. Rd1 Qc7 17. Be3 Rfd8 18. Bf2 Rd7 19. d4 c4 20. Kh2 Nd5 21. Rg1 Na5 22. g4 Rf8 23. Nh4 Nb3 24. Raf1 Bb7 25. Nxg6 Kxg6 26. gxf5+ Kf7 27. fxe6+ Kxe6 28. Qg6+ Bf6 29. Bh4 Rg7 30. Qxh6 Rxg2+ 31. Rxg2 Ne3 32. f5+ Kd7 33. Bxf6 Nxf1+ 34. Kg1 Bxg2 35. Qxf8 Nbd2 36. Qe7+ Kc8 37. Qxc7+ Kxc7 38. Kxg2 Ne3+ 39. Kg3 Nxf5+ 40. Kf4 1-0

[Event "December 5 Early 2023"]
[Site "https://www.chess.com"]
[Date "2023.12.05"]
[Round "6"]
[White "Mejia, Cherry Ann"]
[Black "Rogov, Matfey"]
[Result "0-1"]
[Board "174"]
[TimeControl "180+1"]
[WhiteFideId "5206880"]
[BlackFideId "44191308"]
[WhiteElo "2296"]
[BlackElo "2522"]
[WhiteTeam "PHI"]
[BlackTeam "RUS"]
[WhiteClock "0:00:00"]
[BlackClock "0:01:38"]

1. e4 e5 2. Nf3 Nc6 3. Bb5 a6 4. Ba4 Nf6 5. Qe2 b5 6. Bb3 Bc5 7. c3 O-O 8. O-O d5 9. d3 dxe4 10. dxe4 h6 11. Rd1 Qe7 12. Nbd2 Be6 13. Bxe6 fxe6 14. Nf1 Nh5 15. Be3 Nf4 16. Bxf4 exf4 17. Nd4 Bxd4 18. cxd4 f3 19. gxf3 e5 20. d5 Nd4 21. Rxd4 exd4 22. Qd3 Qf6 23. Nd2 c5 24. dxc6 Rac8 25. a4 bxa4 26. Rxa4 Rxc6 27. Nf1 Rc1 0-1

[Event "December 5 Early 2023"]
[Site "https://www.chess.com"]
[Date "2023.12.05"]
[Round "6"]
[White "yaguigor"]
[Black "Omariev, Maksim"]
[Result "1-0"]
[Board "175"]
[TimeControl "180+1"]
[BlackFideId "4193423"]
[WhiteElo "2295"]
[BlackElo "2474"]
[BlackTeam "RUS"]
[WhiteClock "0:00:25"]
[BlackClock "0:00:01"]

1. d4 h5 2. e4 h4 3. Nf3 h3 4. g3 d5 5. e5 Bg4 6. Be2 e6 7. Ng5 Bxe2 8. Qxe2 Be7 9. Qg4 Nh6 10. Qh5 g6 11. Qh4 Kf8 12. f4 Kg7 13. Qxh3 Nf5 14. Qg2 Nxd4 15. c3 Nf5 16. Nf3 c5 17. Na3 Nc6 18. Nc2 b5 19. Ne3 Nxe3 20. Bxe3 b4 21. O-O a5 22. a4 Rb8 23. g4 Qd7 24. Kh1 bxc3 25. bxc3 Rb3 26. Qc2 Rhb8 27. Rab1 Qb7 28. Nd2 Rxb1 29. Rxb1 Qa6 30. Rxb8 Nxb8 31. c4 d4 32. Bf2 Nc6 33. Bg3 Nb4 34. Qe4 Qc6 35. Qxc6 Nxc6 36. Kg2 Nb4 37. Kf3 Nd3 38. Nb3 Nb2 39. Nxa5 Nxa4 40. Ke4 Nb6 41. Nc6 Bf8 42. Kd3 f6 43. Bh4 fxe5 44. fxe5 Kh6 45. Bf6 g5 46. h3 Kg6 47. Nd8 Na4 48. Nxe6 Kf7 49. Nxf8 Kxf8 50. Ke4 Nb2 51. Kd5 d3 52. Bxg5 Na4 53. Bh6+ Kf7 54. e6+ Ke8 55. Ke4 Nb2 56. Bg5 Nxc4 57. Kxd3 Ne5+ 58. Ke4 Ng6 59. h4 Ne7 60. h5 Ng8 61. h6 Nxh6 62. Bxh6 Ke7 63. Ke5 c4 64. Bg5+ Ke8 65. Bd2 Ke7 66. Bb4+ Ke8 67. Kf6 c3 68. Bxc3 Kf8 69. g5 Kg8 70. e7 Kh7 71. g6+ Kg8 72. e8=R# 1-0

[Event "December 5 Early 2023"]
[Site "https://www.chess.com"]
[Date "2023.12.05"]
[Round "6"]
[White "Kazmaier, Daniel"]
[Black "Franchini, Gabriele"]
[Result "1-0"]
[Board "176"]
[TimeControl "180+1"]
[WhiteFideId "2606089"]
[BlackFideId "806790"]
[WhiteElo "2435"]
[BlackElo "2294"]
[WhiteTeam "CAN"]
[BlackTeam "ITA"]
[WhiteClock "0:00:16"]
[BlackClock "0:00:00"]

1. e4 e6 2. Nc3 d5 3. d4 Nf6 4. Bg5 Be7 5. e5 Nfd7 6. h4 h6 7. Be3 c5 8. Qg4 Kf8 9. Nf3 cxd4 10. Bxd4 Nc6 11. Bd3 Nxd4 12. Qxd4 a6 13. Qf4 Nc5 14. Bg6 Qe8 15. Nd4 Kg8 16. Bh5 Bd7 17. O-O-O g6 18. Bf3 Kg7 19. Kb1 b5 20. h5 b4 21. Nce2 a5 22. Ng3 b3 23. cxb3 a4 24. b4 Na6 25. a3 Bg5 26. Qg4 Qe7 27. Be2 Nxb4 28. f4 f5 29. exf6+ Bxf6 30. Qxg6+ Kf8 31. axb4 a3 32. b3 Bg7 33. Ka2 Rg8 34. Qd3 Qxb4 35. Bf3 Rb8 36. Nge2 Bxd4 37. Nxd4 Rg3 38. Rhe1 Be8 39. Nxe6+ Kg8 40. f5 Rg7 41. Bxd5 1-0

[Event "December 5 Early 2023"]
[Site "https://www.chess.com"]
[Date "2023.12.05"]
[Round "6"]
[White "Mayaud, Raphael"]
[Black "Rodriguez Santiago, Jaime"]
[Result "0-1"]
[Board "177"]
[TimeControl "180+1"]
[WhiteFideId "627151"]
[BlackFideId "3100898"]
[WhiteElo "2427"]
[BlackElo "2260"]
[WhiteTeam "FRA"]
[BlackTeam "PUR"]
[WhiteClock "0:00:13"]
[BlackClock "0:00:46"]

1. d4 Nf6 2. Bg5 d5 3. Bxf6 exf6 4. e3 Bd6 5. g3 O-O 6. Bg2 c6 7. Ne2 Bg4 8. O-O Qd7 9. Nd2 Na6 10. c4 dxc4 11. Nxc4 Be7 12. Qd2 Bb4 13. Nc3 Nc7 14. a3 Be7 15. Na5 Ne6 16. Rac1 Rfd8 17. b4 Rac8 18. Nb3 Ng5 19. Qc2 Bh3 20. Nd2 Bxg2 21. Kxg2 Qh3+ 22. Kg1 Bd6 23. Nce4 Bb8 24. Nxg5 fxg5 25. Qe4 Rd6 26. Qg2 g4 27. Qxh3 gxh3 28. Ne4 Rg6 29. Nc5 b6 30. Nd3 Rd8 31. Rfd1 h5 32. Ne5 Bxe5 33. dxe5 Rxd1+ 34. Rxd1 Re6 35. f4 Re7 36. Kf2 Kh7 37. Kf3 g6 38. Rd6 Rc7 39. g4 hxg4+ 40. Kxg4 c5 41. bxc5 bxc5 42. Kxh3 c4 43. Rd2 c3 44. Rc2 Kg7 45. Kg3 Kf8 46. Kf3 Ke7 47. Ke4 Ke6 48. Kd4 Kf5 49. Kd5 Rd7+ 50. Kc6 Rd3 51. Kb7 Rxe3 52. Kxa7 Ke4 53. Kb6 Kd3 54. Rc1 Kd2 55. Rg1 c2 56. Rg2+ Re2 57. Rg1 Re1 58. Rg2+ Kd3 59. Rxc2 Kxc2 60. Kc6 Kd3 61. Kd6 Ke4 62. Ke7 Kxf4 63. Kxf7 Kxe5 64. Kxg6 Rh1 65. a4 Rxh2 0-1

[Event "December 5 Early 2023"]
[Site "https://www.chess.com"]
[Date "2023.12.05"]
[Round "6"]
[White "Vifleemskaia, Svetlana"]
[Black "Berezin, Viktor"]
[Result "1/2-1/2"]
[Board "178"]
[TimeControl "180+1"]
[WhiteFideId "4129490"]
[BlackFideId "14107872"]
[WhiteElo "2257"]
[BlackElo "2426"]
[WhiteTeam "RUS"]
[BlackTeam "UKR"]
[WhiteClock "0:00:09"]
[BlackClock "0:00:01"]

1. d4 Nf6 2. c4 g6 3. Nc3 Bg7 4. e4 d6 5. Nge2 O-O 6. Ng3 c5 7. d5 a6 8. a4 h5 9. Bg5 Nbd7 10. Be2 Rb8 11. Qd2 Qa5 12. O-O Re8 13. Bh6 Bh8 14. Ra3 Ne5 15. Rb3 Bg4 16. f3 Bd7 17. Be3 Bg7 18. Bh6 Bh8 19. h3 Bc8 20. f4 Ned7 21. e5 dxe5 22. f5 Nf8 23. fxg6 fxg6 24. Bxf8 Rxf8 25. Qh6 Bg7 26. Qxg6 h4 27. Nh5 Nxh5 28. Rxf8+ Kxf8 29. Bxh5 Kg8 30. Qf7+ Kh8 31. Qe8+ Kh7 32. Qg6+ Kh8 33. Qe8+ Kh7 34. Qg6+ Kh8 35. Qe8+ 1/2-1/2

[Event "December 5 Early 2023"]
[Site "https://www.chess.com"]
[Date "2023.12.05"]
[Round "6"]
[White "Clawitter, Craig"]
[Black "Miszler, Levente"]
[Result "0-1"]
[Board "179"]
[TimeControl "180+1"]
[WhiteFideId "2023105"]
[BlackFideId "763276"]
[WhiteElo "2252"]
[BlackElo "2424"]
[WhiteTeam "USA"]
[BlackTeam "HUN"]
[WhiteClock "0:00:03"]
[BlackClock "0:01:32"]

1. e4 e5 2. Nf3 Nc6 3. Bb5 a6 4. Ba4 Nf6 5. O-O Be7 6. d3 b5 7. Bb3 O-O 8. Nc3 Bb7 9. a4 b4 10. Nd5 a5 11. Be3 d6 12. Nd2 Nxd5 13. Bxd5 Qc8 14. f4 Nd8 15. Bxb7 Qxb7 16. fxe5 dxe5 17. Nc4 f6 18. Qg4 Nf7 19. b3 Qc8 20. Qg3 Qe6 21. Rae1 Nd6 22. Bh6 Rf7 23. Ne3 Kh8 24. Nf5 gxh6 25. Nxh6 Rg7 26. Qh4 f5 27. Qh5 f4 28. Nf5 Nxf5 29. exf5 Qf6 30. d4 Rag8 31. dxe5 Rxg2+ 32. Kh1 Qg5 33. Qxg5 R8xg5 34. f6 Bc5 35. f7 Kg7 36. e6 Kf8 37. e7+ Bxe7 38. Rxf4 Rxc2 39. Rxe7 Rc1+ 0-1

[Event "December 5 Early 2023"]
[Site "https://www.chess.com"]
[Date "2023.12.05"]
[Round "6"]
[White "Rosh Jain"]
[Black "Fernandez Sanchez, Mario Andres"]
[Result "1-0"]
[Board "181"]
[TimeControl "180+1"]
[WhiteFideId "25789465"]
[BlackFideId "6501621"]
[WhiteElo "2405"]
[BlackElo "2231"]
[WhiteTeam "IND"]
[BlackTeam "CRC"]
[WhiteClock "0:00:04"]
[BlackClock "0:00:00"]

1. e4 c5 2. Nf3 Nc6 3. Bb5 g6 4. O-O Bg7 5. c3 Nf6 6. Bxc6 dxc6 7. Re1 O-O 8. d4 cxd4 9. cxd4 Bg4 10. Nc3 Bxf3 11. gxf3 e6 12. Be3 Nh5 13. f4 Qh4 14. Qf3 Rad8 15. Rad1 f5 16. e5 Bh6 17. Ne2 Rd5 18. Kh1 Rfd8 19. Rg1 c5 20. Nc3 Bxf4 21. Bxf4 Nxf4 22. Nxd5 Nxd5 23. dxc5 Qb4 24. Rc1 Rc8 25. Rgd1 Qxb2 26. a4 Qxe5 27. Re1 Qf6 28. Qe2 Kf7 29. Qb5 Rc7 30. c6 bxc6 31. Rxc6 Re7 32. Qc5 Qg5 33. Rd6 Qf4 34. Qa3 Nf6 35. Rd3 Ng4 36. Rg3 Nxf2+ 37. Kg1 Ne4 38. Rg2 Qc7 39. Qe3 Qb6 40. Qxb6 axb6 41. Rb2 Ra7 42. Rb4 Ra5 43. Ra1 Kf6 44. Rxb6 Nc3 45. Rb4 g5 46. Rc4 Nd5 47. Kf2 g4 48. Rb1 Ne7 49. Rb5 Ra8 50. a5 h5 51. Ra4 Nc6 52. a6 h4 53. Rb6 Ne5 54. a7 g3+ 55. hxg3 hxg3+ 56. Kg2 Nd7 57. Rb7 1-0

[Event "December 5 Early 2023"]
[Site "https://www.chess.com"]
[Date "2023.12.05"]
[Round "6"]
[White "Zaksaite, Salomeja"]
[Black "Player, Edmund C"]
[Result "0-1"]
[Board "182"]
[TimeControl "180+1"]
[WhiteFideId "12801496"]
[BlackFideId "406520"]
[WhiteElo "2399"]
[BlackElo "2217"]
[WhiteTeam "LTU"]
[BlackTeam "ENG"]
[WhiteClock "0:00:00"]
[BlackClock "0:00:04"]

1. e3 d5 2. f4 c5 3. Nf3 Nc6 4. b3 Nf6 5. Bb2 Bg4 6. h3 Bxf3 7. Qxf3 e6 8. d3 Be7 9. Nd2 b5 10. g4 O-O 11. g5 Nd7 12. Qg2 f6 13. h4 Nb6 14. Nf3 Qd6 15. Rg1 d4 16. h5 Nd5 17. exd4 Ne3 18. Qg3 Nxc2+ 19. Kd2 N6xd4 20. Nxd4 Nxd4 21. Bg2 Rad8 22. gxf6 Bxf6 23. Be4 e5 24. h6 exf4 25. Bxh7+ Kxh7 26. Qg6+ Kg8 27. hxg7 Rfe8 28. Qh6 Nf3+ 29. Kc1 Nxg1 30. Qh8+ Kf7 31. g8=Q+ Rxg8 32. Qh5+ Kf8 33. Qh6+ Rg7 34. Qh8+ Kf7 35. Qh5+ Rg6 36. Qh7+ Rg7 37. Qh5+ Kg8 38. Bxf6 Qxf6 39. Rb1 Qc3+ 0-1

[Event "December 5 Early 2023"]
[Site "https://www.chess.com"]
[Date "2023.12.05"]
[Round "6"]
[White "NastyaHn"]
[Black "Skaric, Djuro"]
[Result "0-1"]
[Board "183"]
[TimeControl "180+1"]
[BlackFideId "934569"]
[WhiteElo "2217"]
[BlackElo "2396"]
[BlackTeam "SRB"]
[WhiteClock "0:00:04"]
[BlackClock "0:01:31"]

1. Nc3 d6 2. d4 g6 3. e4 Bg7 4. f4 Nf6 5. Nf3 O-O 6. e5 Nfd7 7. Bc4 Nb6 8. Bb3 Bg4 9. O-O dxe5 10. dxe5 Nc6 11. Be3 e6 12. Qe1 Qe7 13. Ng5 h6 14. Nge4 Nd7 15. h3 Bf5 16. Nf2 g5 17. g3 gxf4 18. gxf4 Qh4 19. Nfe4 Qxe1 20. Raxe1 Kh7 21. Kh2 Rg8 22. Rd1 Ndxe5 23. fxe5 Bxe5+ 24. Bf4 Bxc3 25. Nxc3 Rg6 26. Rd7 Rg7 27. Rg1 Rag8 28. Rxg7+ Rxg7 29. Bxc7 h5 30. Ne2 h4 31. Nf4 e5 32. Nd3 Bxd7 0-1

[Event "December 5 Early 2023"]
[Site "https://www.chess.com"]
[Date "2023.12.05"]
[Round "6"]
[White "Zampronha, Wladimir Camilo"]
[Black "Verbin, Valentina"]
[Result "0-1"]
[Board "184"]
[TimeControl "180+1"]
[WhiteFideId "2103087"]
[BlackFideId "13905910"]
[WhiteElo "2378"]
[BlackElo "2215"]
[WhiteTeam "BRA"]
[BlackTeam "MDA"]
[WhiteClock "0:00:03"]
[BlackClock "0:00:26"]

1. e4 c5 2. Nf3 d6 3. d4 cxd4 4. Nxd4 Nf6 5. Nc3 a6 6. Bg5 e6 7. f4 Be7 8. Qf3 Nbd7 9. O-O-O Qc7 10. Bd3 b5 11. Rhe1 Bb7 12. Qg3 O-O-O 13. e5 dxe5 14. fxe5 Nxe5 15. Bxb5 Ng6 16. Bf1 Qxg3 17. hxg3 Bd6 18. Rd3 Ne5 19. Rdd1 Neg4 20. Bf4 e5 21. Nf5 Bb4 22. Bxe5 Rxd1+ 23. Kxd1 Rd8+ 24. Kc1 Re8 25. Nxg7 Rxe5 26. Rxe5 Nxe5 27. Nf5 Bxc3 28. bxc3 Ne4 29. Kb2 Kd7 30. g4 Nxg4 31. Bd3 Nc5 32. Nd4 Nxd3+ 33. cxd3 Bxg2 0-1

[Event "December 5 Early 2023"]
[Site "https://www.chess.com"]
[Date "2023.12.05"]
[Round "6"]
[White "Pertinez Soria, Juan Luis"]
[Black "Kleibel, Uwe"]
[Result "0-1"]
[Board "186"]
[TimeControl "180+1"]
[WhiteFideId "2225620"]
[BlackFideId "1270982"]
[WhiteElo "2159"]
[BlackElo "2364"]
[WhiteTeam "ESP"]
[BlackTeam "GER"]
[WhiteClock "0:00:00"]
[BlackClock "0:00:46"]

1. e4 e5 2. Nf3 Nc6 3. Bc4 Nf6 4. d3 Be7 5. c3 O-O 6. Nbd2 d5 7. exd5 Nxd5 8. O-O Bg4 9. h3 Bh5 10. Re1 Nb6 11. Bb3 Qxd3 12. Re3 Qd8 13. Qe1 Bd6 14. Ne4 Kh8 15. Nfg5 Qd7 16. a4 a5 17. g4 Bg6 18. Ng3 Rae8 19. Re2 f5 20. gxf5 Bxf5 21. Kh2 h6 22. N5e4 Bxh3 23. Be3 Bg4 24. Rd2 Qe7 25. Bd1 Qh4+ 26. Kg1 Nc4 27. Bxg4 Nxd2 28. Qxd2 Qxg4 29. Kh2 Be7 30. Rh1 Rd8 31. Qc1 Rd3 32. Kg2 Qf3+ 33. Kh2 Rf4 34. Bxf4 exf4 0-1

[Event "December 5 Early 2023"]
[Site "https://www.chess.com"]
[Date "2023.12.05"]
[Round "6"]
[White "Buscar, Michael"]
[Black "Ghosh, Chanchal Kumer"]
[Result "1-0"]
[Board "187"]
[TimeControl "180+1"]
[WhiteFideId "2603616"]
[BlackFideId "10201858"]
[WhiteElo "2342"]
[BlackElo "2065"]
[WhiteTeam "CAN"]
[BlackTeam "BAN"]
[WhiteClock "0:00:29"]
[BlackClock "0:00:13"]

1. Nf3 d5 2. g3 e6 3. Bg2 Nf6 4. O-O c5 5. d4 Nc6 6. c4 cxd4 7. cxd5 Nxd5 8. Nxd4 Bc5 9. Nxc6 bxc6 10. Nc3 O-O 11. Ne4 Be7 12. Qa4 c5 13. Rd1 Qc7 14. Bg5 Bb7 15. Rac1 Rfc8 16. Bxe7 Qxe7 17. Qa3 c4 18. Qxe7 Nxe7 19. Nd6 Bxg2 20. Nxc8 Rxc8 21. Kxg2 Nd5 22. e4 Nf6 23. Rxc4 Rb8 24. Rdc1 1-0

[Event "December 5 Early 2023"]
[Site "https://www.chess.com"]
[Date "2023.12.05"]
[Round "6"]
[White "Mende, Andreas"]
[Black "Tarasova, Viktoriya"]
[Result "0-1"]
[Board "188"]
[TimeControl "180+1"]
[WhiteFideId "4631102"]
[BlackFideId "4175840"]
[WhiteElo "2099"]
[BlackElo "2332"]
[WhiteTeam "GER"]
[BlackTeam "RUS"]
[WhiteClock "0:00:00"]
[BlackClock "0:00:08"]

1. c4 Nf6 2. g3 e5 3. Bg2 c6 4. Nf3 e4 5. Nd4 d5 6. cxd5 Qxd5 7. Nc2 Be7 8. Nc3 Qe5 9. d3 exd3 10. Qxd3 Na6 11. Bf4 Qh5 12. O-O O-O 13. Rad1 Nc5 14. Qd2 Bh3 15. b4 Na6 16. a3 Bxg2 17. Kxg2 Rad8 18. Qe3 Rxd1 19. Nxd1 Re8 20. Qf3 Qg6 21. Nce3 Ne4 22. h4 Nd2 23. Qg4 Qxg4 24. Nxg4 Nxf1 25. Kxf1 f6 26. Nde3 g6 27. Nc4 Kf7 28. Bd6 Rd8 29. Bf4 Rd1+ 30. Kg2 Ke6 31. Na5 Rd7 32. Nh2 h5 33. Nf3 Kd5 34. Be3 b6 35. Nb3 c5 36. b5 Nc7 37. a4 Kc4 38. Nbd2+ Kb4 39. Ne4 Kxa4 40. Nc3+ Kb3 41. Ne4 Nxb5 42. Nfd2+ Kb4 43. Nf3 a5 44. Ne1 a4 45. Nd3+ Kb3 46. Nd2+ Kc2 47. Nc4 a3 48. Nxa3+ Nxa3 49. Nf4 g5 50. Ne6 gxh4 51. gxh4 b5 52. Nxc5 Bxc5 53. Bxc5 Nc4 54. Bb4 Kb3 55. Bc5 b4 0-1

[Event "December 5 Early 2023"]
[Site "https://www.chess.com"]
[Date "2023.12.05"]
[Round "6"]
[White "BestestBP"]
[Black "IranianCheetah"]
[Result "0-1"]
[Board "189"]
[TimeControl "180+1"]
[WhiteElo "2057"]
[BlackElo "2323"]
[WhiteClock "0:00:00"]
[BlackClock "0:00:27"]

1. d4 d5 2. Nf3 Nf6 3. c4 c6 4. g3 e6 5. Bg2 Bd6 6. O-O O-O 7. Qc2 Ne4 8. Nbd2 f5 9. Nb3 Nd7 10. Nfd2 Ndf6 11. f3 Nxd2 12. Nxd2 f4 13. g4 Bd7 14. c5 Bc7 15. Nb3 Be8 16. e3 Bg6 17. Qe2 h5 18. g5 Nd7 19. h4 e5 20. exf4 exf4 21. Bh3 Re8 22. Qh2 b6 23. Bxf4 Bxf4 24. Qxf4 bxc5 25. dxc5 Re2 26. Rae1 Rxb2 27. Re6 Nf8 28. Rxc6 Rxa2 29. Re1 Rb8 30. Rd6 Qc7 31. Nd4 Qxc5 32. Kh1 Rbb2 33. Ne6 Rh2+ 34. Qxh2 Rxh2+ 35. Kxh2 Qxd6+ 36. f4 Nxe6 37. Rxe6 Qxf4+ 38. Kg1 Qg3+ 0-1

[Event "December 5 Early 2023"]
[Site "https://www.chess.com"]
[Date "2023.12.05"]
[Round "6"]
[White "Korol, Dimitry"]
[Black "Reinecke, Katharina"]
[Result "1/2-1/2"]
[Board "190"]
[TimeControl "180+1"]
[WhiteFideId "14108003"]
[BlackFideId "12929727"]
[WhiteElo "2308"]
[BlackElo "2022"]
[WhiteTeam "UKR"]
[BlackTeam "GER"]
[WhiteClock "0:00:15"]
[BlackClock "0:00:54"]

1. d4 d5 2. c4 c6 3. Nc3 Nf6 4. e3 g6 5. Nf3 Bg7 6. h3 O-O 7. Bd3 Bf5 8. Qc2 Bxd3 9. Qxd3 e6 10. O-O dxc4 11. Qxc4 Nbd7 12. b3 Rc8 13. Ba3 Re8 14. Qe2 c5 15. Rac1 cxd4 16. Nxd4 Qa5 17. Bb2 Nb6 18. Ndb5 Red8 19. Rfd1 Nbd5 20. Nxd5 Nxd5 21. Bxg7 Kxg7 22. Rxc8 Rxc8 23. e4 Nc3 24. Nxc3 Qxc3 25. Rd7 Rc7 26. Rxc7 Qxc7 27. Qe3 a6 28. Qd4+ e5 29. Qd5 h5 30. g3 Kh7 31. Kg2 Kg7 32. h4 Kh7 33. a4 Kg7 34. a5 Kh7 35. b4 Kg7 36. Kg1 Kh7 37. Kg2 Kg7 38. Kg1 Kh7 39. Kg2 1/2-1/2

[Event "December 5 Early 2023"]
[Site "https://www.chess.com"]
[Date "2023.12.05"]
[Round "6"]
[White "Skibbe, Willi"]
[Black "Gulamirian, Korun"]
[Result "1-0"]
[Board "191"]
[TimeControl "180+1"]
[WhiteFideId "4682190"]
[BlackFideId "4144899"]
[WhiteElo "2305"]
[BlackElo "2016"]
[WhiteTeam "GER"]
[BlackTeam "RUS"]
[WhiteClock "0:00:34"]
[BlackClock "0:00:15"]

1. e4 e5 2. Nc3 Nc6 3. Bc4 Nf6 4. d3 Na5 5. Bb3 Nxb3 6. axb3 a6 7. Nf3 d6 8. O-O Be7 9. Ne2 O-O 10. Ng3 h5 11. Bg5 Bg4 12. h3 Bxf3 13. Qxf3 g6 14. Rad1 Nh7 15. Bh6 Re8 16. Nxh5 gxh5 17. Qg3+ Ng5 18. h4 f6 19. f4 Kh7 20. fxg5 fxg5 21. Bxg5 Bxg5 22. hxg5 Qd7 23. g6+ Kh8 24. Qg5 Re7 25. Rf5 Kg7 26. Rdf1 Rae8 27. Rf7+ Kg8 28. Qxh5 1-0

[Event "December 5 Early 2023"]
[Site "https://www.chess.com"]
[Date "2023.12.05"]
[Round "6"]
[White "Mickiewicz, Piotr"]
[Black "Shapiro, Daniel"]
[Result "0-1"]
[Board "192"]
[TimeControl "180+1"]
[WhiteFideId "1114891"]
[BlackFideId "2001780"]
[WhiteElo "2382"]
[BlackElo "2303"]
[WhiteTeam "POL"]
[BlackTeam "USA"]
[WhiteClock "0:00:02"]
[BlackClock "0:00:54"]

1. e4 c5 2. Nf3 Nc6 3. d4 cxd4 4. Nxd4 Nf6 5. Nc3 d6 6. Bg5 Qb6 7. Nb3 e6 8. Qd2 a6 9. O-O-O Be7 10. f4 O-O 11. Kb1 Rd8 12. Qe1 Qc7 13. Be2 b5 14. Bf3 b4 15. Ne2 Bb7 16. g4 Rac8 17. Bxf6 Bxf6 18. g5 Be7 19. Rg1 a5 20. Nbd4 Nxd4 21. Nxd4 e5 22. Nf5 Qxc2+ 23. Ka1 Bf8 24. Rg2 Qa4 25. Nh6+ gxh6 26. gxh6+ Kh8 27. Qg1 Bxh6 28. Bg4 Rc2 29. Bf5 0-1

[Event "December 5 Early 2023"]
[Site "https://www.chess.com"]
[Date "2023.12.05"]
[Round "6"]
[White "Teumer, Joerg, Dr."]
[Black "Nissinen, Niilo Man"]
[Result "1/2-1/2"]
[Board "193"]
[TimeControl "180+1"]
[WhiteFideId "4643526"]
[BlackFideId "30950767"]
[WhiteElo "2127"]
[BlackElo "2300"]
[WhiteTeam "GER"]
[BlackTeam "HKG"]
[WhiteClock "0:00:07"]
[BlackClock "0:00:05"]

1. d4 Nf6 2. Bg5 d5 3. Bxf6 gxf6 4. e3 c5 5. Nf3 Nc6 6. c4 dxc4 7. Bxc4 Rg8 8. g3 Bg4 9. Be2 Qb6 10. Qb3 Nb4 11. Nc3 O-O-O 12. O-O-O Kb8 13. Na4 Qa5 14. a3 Nd5 15. Nc3 cxd4 16. exd4 Nxc3 17. bxc3 Rc8 18. Kb2 Be6 19. c4 Rg4 20. h3 Re4 21. Bd3 Bf5 22. Bxe4 Bxe4 23. Rhe1 f5 24. Nd2 Bg7 25. Nxe4 fxe4 26. Ka2 f5 27. Re2 Rc6 28. Rc2 Rb6 29. Qc3 Qa4 30. Rb1 Rxb1 31. Kxb1 Qa6 32. Qb4 Bxd4 33. Qb5 Qd6 34. Ka2 Kc7 35. Qd5 Qxd5 36. cxd5+ Kd6 37. Rd2 Bb6 38. Rd1 Ke5 39. Kb3 e3 40. fxe3 Bxe3 41. Kc4 Bf2 42. Rd2 Bxg3 43. Re2+ Kd6 44. Re6+ Kd7 45. Rh6 f4 46. Rxh7 Bf2 47. Rf7 Be3 48. Kd3 Kd6 49. Ke4 b5 50. h4 a5 51. h5 Kc5 52. Kf3 b4 53. axb4+ axb4 54. h6 Bd4 55. Rxe7 b3 56. Rb7 b2 57. h7 Kxd5 58. Kxf4 Kc4 59. Kf3 Kc3 60. Ke2 Kc2 61. Kf3 Bc3 62. Ke2 b1=Q 63. Rxb1 Kxb1 64. Kd3 Bh8 65. Ke4 Kb2 66. Kf5 Kb3 67. Kg6 Bc3 68. Kf7 Kc4 69. Kg8 Kd5 70. Kf7 Ke4 71. Kg6 Kf4 72. h8=Q Bxh8 1/2-1/2

[Event "December 5 Early 2023"]
[Site "https://www.chess.com"]
[Date "2023.12.05"]
[Round "6"]
[White "Jesusesmifuerza"]
[Black "Tilahun , Abel Mathewos"]
[Result "0-1"]
[Board "194"]
[TimeControl "180+1"]
[BlackFideId "15702391"]
[WhiteElo "2124"]
[BlackElo "2004"]
[BlackTeam "ETH"]
[WhiteClock "0:00:04"]
[BlackClock "0:00:09"]

1. d4 d5 2. Nf3 Nf6 3. e3 e6 4. Bd3 Be7 5. Nbd2 c5 6. c3 Nc6 7. O-O Qb6 8. Qe2 O-O 9. dxc5 Bxc5 10. e4 dxe4 11. Nxe4 Be7 12. Bg5 Nxe4 13. Qxe4 g6 14. Bxe7 Nxe7 15. Rab1 Bd7 16. Rfd1 Bc6 17. Qe2 Rad8 18. Be4 Nd5 19. Nd4 Nf4 20. Qf3 Bxe4 21. Qxe4 Nh5 22. Nb3 Qb5 23. Nd4 Qg5 24. g3 b6 25. f4 Qg4 26. Rd2 Nf6 27. Qg2 Rd5 28. Rbd1 Rfd8 29. Nb3 Qxd1+ 30. Rxd1 Rxd1+ 31. Qf1 Rxf1+ 32. Kxf1 Ne4 33. Ke2 Nc5 34. Nd4 Rd7 35. b4 Na4 36. Kd3 h5 37. h4 Kg7 38. Kc4 Rc7+ 39. Kb3 Nxc3 40. a4 Ne4 41. Nb5 Rd7 42. Nc3 Rd3 43. Kc4 Rxc3+ 44. Kb5 Rxg3 45. Ka6 Ra3 46. Kxa7 Rxa4+ 47. Kxb6 Rxb4+ 48. Ka5 Rb1 49. Ka4 Rf1 0-1

[Event "December 5 Early 2023"]
[Site "https://www.chess.com"]
[Date "2023.12.05"]
[Round "6"]
[White "Feliz Dotel, Dewar Bienvenido"]
[Black "Phillips, Rene"]
[Result "0-1"]
[Board "195"]
[TimeControl "180+1"]
[WhiteFideId "6402801"]
[BlackFideId "2056275"]
[WhiteElo "2083"]
[BlackElo "1898"]
[WhiteTeam "DOM"]
[BlackTeam "USA"]
[WhiteClock "0:00:00"]
[BlackClock "0:00:05"]

1. d4 Nc6 2. d5 Ne5 3. e4 e6 4. dxe6 fxe6 5. Qd4 Qf6 6. Nc3 c5 7. Qd1 a6 8. a4 Nh6 9. h3 Be7 10. Qh5+ Nhf7 11. f4 Nc6 12. Be3 g6 13. Qf3 Nd4 14. Bxd4 cxd4 15. e5 Qg7 16. Ne4 O-O 17. O-O-O Nxe5 18. Qg3 Nc6 19. Nf3 d5 20. Nf2 Bd6 21. Nd3 Nb4 22. Nxb4 Bxf4+ 23. Qxf4 Rxf4 24. Bd3 Bd7 25. a5 Rc8 26. Rhe1 Qh6 27. Kb1 Rf7 28. Ne5 Re7 29. Rf1 Rf8 0-1